 Dungeon Crawl Stone Soup version 0.24.0-10-g970556be89 (webtiles) character file.

Game seed: 8889862521182711541, levelgen mode: deterministic

774 Flydiii the Magician (level 7, -6/38 HPs)
             Began as a Deep Elf Earth Elementalist on Nov 3, 2019.
             Was a Priest of Makhleb.
             Killed from afar by Ijyb (14 damage)
             ... with an iceblast
             ... on level 3 of the Dungeon.
             The game lasted 00:26:18 (5750 turns).

Flydiii the Magician (Deep Elf Earth Elementalist)  Turns: 5750, Time: 00:26:19

Health: -6/38      AC:  9    Str:  7    XL:     7   Next: 53%
Magic:  5/18       EV: 14    Int: 22    God:    Makhleb [***...]
Gold:   86         SH:  0    Dex: 19    Spells: 14/18 levels left

rFire    . . .     SeeInvis .   w - +0 war axe (chop)
rCold    . . .     Gourm    .   (no shield)
rNeg     . . .     Faith    +   m - +3 leather armour
rPois    .         Spirit   .   (no helmet)
rElec    .         Reflect  .   (no cloak)
rCorr    .         Harm     .   u - +2 pair of gloves
MR       .....                  (no boots)
Stlth    ++........             j - amulet of faith
HPRegen  0.12/turn              e - +2 ring of intelligence
MPRegen  0.16/turn              r - +4 ring of dexterity

@: about to teleport, very slightly contaminated
A: no striking features
a: Minor Destruction, Lesser Servant of Makhleb, Renounce Religion


You were on level 3 of the Dungeon.
You worshipped Makhleb.
Makhleb was most pleased with you.
You were very hungry.

You visited 1 branch of the dungeon, and saw 5 of its levels.

You collected 125 gold pieces.
You spent 39 gold pieces at shops.

Inventory:

Hand Weapons
 w - a +0 war axe of chopping (weapon)
Missiles
 b - 22 stones (quivered)
 y - 2 silver boomerangs
Armour
 c - a +0 robe
 m - a +3 leather armour (worn)
 u - a +2 pair of gloves (worn)
Jewellery
 e - a +2 ring of intelligence (left hand)
 j - an amulet of faith (around neck)
 r - a +4 ring of dexterity (right hand)
Wands
 a - a wand of polymorph (5)
Scrolls
 f - 3 scrolls of identify
 i - 2 scrolls of teleportation
 k - a scroll of remove curse
 o - 2 scrolls of blinking
 p - a scroll of magic mapping
 q - a scroll of amnesia {unknown}
 s - a scroll of fear
 B - a scroll of fog
Potions
 g - a potion of brilliance
 h - a potion of curing
 x - a potion of degeneration
 A - a potion of lignification {unknown}
Comestibles
 d - 6 rations


   Skills:
 + Level 1.3 Fighting
   Level 1.0 Short Blades
 * Level 1.5 Axes
 + Level 1.6 Armour
 + Level 3.9 Dodging
 + Level 3.1 Stealth
 + Level 6.4 Spellcasting
 + Level 0.5 Conjurations
   Level 1.1 Transmutations
 + Level 5.8 Earth Magic
 * Level 2.1 Invocations


You had 14 spell levels left.
You knew the following spells:

 Your Spells              Type           Power        Failure   Level  Hunger
a - Sandblast             Erth           ####..       1%          1    None
b - Stone Arrow           Conj/Erth      ###...       11%         3    #......

Your spell library contained the following spells:

 Spells                   Type           Power        Failure   Level  Hunger
 Passwall                 Tmut/Erth      ###.....     4%          2    None
 Petrify                  Tmut/Erth      ###.....     30%         4    ###....
 Lee's Rapid Deconstruct  Erth           ####......   32%         5    #####..


Dungeon Overview and Level Annotations

Branches:
Dungeon (5/15)
 Temple: D:4-7

Altars:
Dithmenos
Makhleb

Shops:
D:4 !

Annotations:
D:2 Jessica
D:3 hyvä peli, tunnista itemit, varovasti seuraava lvl se on aukea., Blork the orc, Ijyb
D:4 Sigmund
D:5 Grinder


Message History

You assume a fearsome visage.
Nothing appears to happen.
It was a scroll of fear.
As you read the scroll labeled ARYICW VIJOTT, it crumbles to dust.
The scroll dissolves into smoke.
It was a scroll of fog.
Ijyb zaps a wand.
The mass of ice explodes!
The iceblast engulfs you.
You hear a shout!
You hear a shout!
You hear some strange, mumbled words.
A puff of flame appears from out of thin air!
The puff of flame misses you.
As you read the scroll labeled IJYMOBEIMU, it crumbles to dust.
The creatures around you are filled with an inner flame!
It was a scroll of immolation.
You hear some strange, mumbled words.
As you read the scroll labeled JUBAIQ PILICOR, it crumbles to dust.
You feel strangely unstable.
It was a scroll of teleportation.
Something hits you!
* * * LOW HITPOINT WARNING * * *
Ijyb misses you.
Ijyb zaps a wand.
The mass of ice explodes!
The iceblast engulfs you!
You die...

......# #######.# #.#
......### #.....#.# #.#
........# #.###.#.# #.#
###.....###.##..#.# #.#
#.....#.........# #.#
#.....#.#..#.######.#
###.....#.#...........#
...............########
###.....#.#....#@######
#######.#....§{§g§§§#
#########.#..#§§§####§#
......>##....#.§§# #.#
....##)#######.#.####.#
....##....g.g..#..g...#
....#######################
....')....................#
.[..#####################.#


You could see Ijyb (inner flame).

Vanquished Creatures
  Eustachio (D:4)
  An ogre (D:3)
  A hound (D:4)
  3 orc priests
  A jelly (D:3)
  A centaur skeleton (D:4)
  Natasha (thrice) (D:3)
  3 orc wizards
  4 gnolls (D:2)
  4 adders
  An ooze (D:3)
  An adder zombie (D:5)
  2 worms (D:2)
  6 dart slugs
  A leopard gecko (D:2)
  18 orcs
  A ball python (D:3)
  2 giant cockroaches
  9 goblins
  11 hobgoblins
  2 quokkas
  7 bats
  4 frilled lizards
  5 kobolds
  A quokka skeleton (D:4)
  7 rats
100 creatures vanquished.

Notes
Turn   | Place    | Note
-------+----------+-------------------------------------------
     0 | D:1      | Flydiii the Deep Elf Earth Elementalist began the quest for
                  | the Orb.
     0 | D:1      | Reached XP level 1. HP: 10/10 MP: 6/6
   533 | D:1      | Reached XP level 2. HP: 14/15 MP: 6/8
  1701 | D:2      | Found a shadowy altar of Dithmenos.
  1792 | D:2      | Reached XP level 3. HP: 2/19 MP: 8/10
  2199 | D:2      | Found a faded altar of an unknown god.
  2215 | D:2      | Became a worshipper of Makhleb the Destroyer
  2215 | D:2      | Reached * piety under Makhleb
  2309 | D:2      | Reached skill level 4 in Spellcasting
  2486 | D:2      | Reached XP level 4. HP: 23/24 MP: 7/12
  2915 | D:2      | Noticed Jessica
  2932 | D:3      | Reached ** piety under Makhleb
  3129 | D:3      | Reached XP level 5. HP: 18/28 MP: 11/14
  3232 | D:3      | Noticed an ogre
  3236 | D:3      | Killed an ogre
  3236 | D:3      | Reached skill level 1 in Armour
  3236 | D:3      | Reached skill level 5 in Spellcasting
  3238 | D:3      | Reached skill level 5 in Earth Magic
  3281 | D:3      | Noticed Natasha
  3288 | D:3      | Killed Natasha
  3288 | D:3      | Reached XP level 6. HP: 17/33 MP: 12/16
  3703 | D:3      | Noticed Natasha
  3714 | D:4      | Noticed Eustachio
  3718 | D:3      | Killed Natasha
  3813 | D:3      | Reached skill level 1 in Short Blades
  3944 | D:3      | Noticed Natasha
  3955 | D:3      | Killed Natasha
  4088 | D:4      | Killed Eustachio
  4088 | D:4      | Reached skill level 6 in Spellcasting
  4088 | D:4      | Reached skill level 1 in Invocations
  4088 | D:4      | Reached XP level 7. HP: 35/37 MP: 7/18
  4540 | D:4      | Reached skill level 1 in Axes
  4545 | D:4      | Reached *** piety under Makhleb
  4554 | D:4      | Reached skill level 1 in Fighting
  5186 | D:3      | Learned a level 3 spell: Stone Arrow
  5504 | D:4      | Found Odoat's Distillery.
  5509 | D:4      | Bought a potion of curing for 39 gold pieces
  5511 | D:4      | Noticed Sigmund
  5604 | D:5      | Entered Level 5 of the Dungeon
  5678 | D:5      | Noticed Grinder
  5690 | D:5      | Paralysed by Grinder for 2 turns
  5697 | D:4      | Noticed Blork the orc
  5697 | D:4      | Noticed Ijyb
  5750 | D:3      | Killed from afar by Ijyb

Levels and vault maps discovered:
D:1:      lemuel_arrival_funnel, layout_basic, minmay_misc_feat_square,
          hex_medium, minmay_bisected
D:2:      minmay_evil_eye, layout_basic,
          nicolae_dithmenos_through_a_glass_darkly,
          chequers_ecumenical_altar_simple, kennysheep_jessica_study
D:3:      layout_basic, uniq_natasha
D:4:      layout_cave_pools, minmay_temple_entry_crystal_x, serial_shops, shop,
          uniq_eustachio, uniq_blork_the_orc, uniq_sigmund, uniq_ijyb
D:5:      layout_loops_corners, overflow_temple_1_default, first_ration,
          nicolae_alphabet_shops, uniq_grinder, uniq_duvessa,
          uniq_crazy_yiuf_cottage

Skill      XL: |  1  2  3  4  5  6  7 |
---------------+----------------------+-----
Earth Magic    | 4 5 |  5.8
Spellcasting   | 4 5 6 |  6.4
Dodging        | 3 |  3.9
Armour         | 1 |  1.6
Stealth        | 3 |  3.1
Short Blades   | 1 |  1.0
Invocations    | 1 2 |  2.1
Axes           | 1 |  1.5
Fighting       | 1 |  1.3
Conjurations   | |  0.5
Transmutations | |  1.1

Action                   |  1- 3 |  4- 6 |  7- 9 || total
-------------------------+-------+-------+-------++-------
Melee: Dagger            |   122 |    84 |       ||   206
       War axe           |       |     2 |    77 ||    79
 Cast: Sandblast         |    35 |    54 |    12 ||   101
       Stone Arrow       |       |       |    15 ||    15
Invok: Minor Destruction |       |     2 |     2 ||     4
  Use: Scroll            |       |       |     8 ||     8
       Potion            |       |       |     4 ||     4
 Stab: Sleeping          |       |     1 |     1 ||     2
  Eat: Ration            |     1 |       |       ||     1
       Chunk             |     1 |     5 |     5 ||    11
Armor: Robe              |    34 |       |       ||    34
       Leather armour    |     2 |    64 |    54 ||   120
Dodge: Dodged            |   108 |   122 |   136 ||   366
